Map: [ESL] Data-C

Players

Zoun - Winner!

  • Race: Protoss Protoss
  • Spawn Location: 3:00

Lambo

  • Race: Zerg Zerg
  • League: Master
  • Spawn Location: 9:00

Event: HomeStory Cup XXI

VOD

Have the link to the VOD?

Description

Time

  • Played on: July 24, 2022, 11:15 a.m.
  • Length: 12:50

All games in this series

Show
View Real Time Build Order
Export as new Build Order

Zoun Protoss - Winner!

Build Orders: 1 Gate Expand, Oracle Opening 

Get SALT Encoding   

  12  0:00  Probe  
  13  0:12  Probe  
  14  0:19  Pylon  
  14  0:24  Probe  
  15  0:37  Probe (Chrono Boost)  
  15  0:40  Gateway  
  16  0:47  Probe (Chrono Boost)  
  17  0:50  Assimilator  
  17  0:52  Probe (Chrono Boost)  
  18  1:04  Probe  
  19  1:16  Probe  
  20  1:28  Nexus  
  20  1:38  Cybernetics Core  
  20  1:41  Probe  
  21  1:49  Assimilator  
  21  1:53  Probe  
  22  1:56  Pylon  
  22  2:05  Probe  
  23  2:12  Adept (Chrono Boost)  
  25  2:18  Probe  
  25  2:20  Stargate  
  26  2:28  Warp Gate  
  26  2:30  Probe (Chrono Boost)  
  26  2:36  Adept  
  29  2:40  Probe (Chrono Boost)  
  29  2:42  Probe (Chrono Boost)  
  31  2:49  Probe (Chrono Boost)  
  31  2:51  Probe (Chrono Boost)  
  33  2:54  Probe (Chrono Boost)  
  33  2:58  Probe  
  35  3:06  Probe  
  35  3:10  Void Ray (Chrono Boost)  
  35  3:11  Probe  
  41  3:17  Pylon  
  41  3:22  Probe  
  41  3:27  Probe, Gateway  
  43  3:34  Probe  
  43  3:40  Oracle  
  47  3:46  Twilight Council  
  47  4:00  Nexus  
  47  4:02  Pylon  
  47  4:08  Robotics Facility  
  47  4:14  Gateway  
  47  4:15  Gateway  
  47  4:17  Charge (Chrono Boost)  
  47  4:34  Gateway x2  
  47  4:36  Shield Battery  
  47  4:39  Gateway  
  47  4:49  Gateway  
  47  4:51  Probe x2, Warp Prism (Chrono Boost)  
  49  4:59  Zealot x2  
  55  5:06  Pylon  
  55  5:08  Zealot  
  55  5:09  Zealot  
  55  5:12  Probe  
  60  5:20  Pylon  
  60  5:26  Probe x2  
  62  5:29  Zealot x4  
  62  5:31  Zealot  
  62  5:32  Probe  
  73  5:53  Zealot x2  
  73  5:54  Zealot x6  
  89  6:16  Zealot x2  
  93  6:21  Pylon x2  
  93  6:25  Zealot  
  93  6:30  Pylon  
  93  6:31  Probe x2  
  93  6:32  Pylon  
  93  6:38  Zealot x2  
  93  6:40  Zealot x2  
  93  6:41  Zealot x3  
  95  6:50  Zealot  
  95  6:51  Probe x2  
  70  7:01  Zealot x3  
  70  7:02  Zealot x4  
  70  7:03  Probe x3  
  70  7:05  Assimilator  
  70  7:06  Assimilator  
  81  7:14  Immortal (Chrono Boost)  
  69  7:20  Shield Battery  
  73  7:24  Probe  
  73  7:25  Probe  
  73  7:35  Forge  
  73  7:36  Probe  
  74  7:38  Zealot x2  
  74  7:39  Zealot x2  
  82  7:47  Void Ray (Chrono Boost), Immortal  
  82  8:00  Probe (Chrono Boost)  
  82  8:02  Blink (Chrono Boost)  
  82  8:05  Probe x2 (Chrono Boost)  
  85  8:08  Assimilator  
  85  8:10  Probe (Chrono Boost)  
  85  8:11  Assimilator  
  87  8:14  Probe (Chrono Boost)  
  87  8:15  Sentry  
  87  8:19  Probe (Chrono Boost)  
  90  8:21  Probe (Chrono Boost)  
  90  8:23  Probe (Chrono Boost)  
  90  8:25  Robotics Bay  
  90  8:26  Probe  
  93  8:33  Photon Cannon  
  93  8:35  Photon Cannon  
  93  8:36  Photon Cannon  
  93  8:38  Sentry, Shield Battery  
  93  8:39  Shield Battery  
  95  8:43  Zealot x5  
  105  8:49  Stalker  
  105  8:50  Stalker  
  103  9:03  Stalker x2  
  103  9:04  Stalker x2  
  103  9:15  Stalker x4  
  105  9:26  Shield Battery  
  105  9:30  Zealot x2  
  92  9:32  Stalker x2  
  92  9:36  Probe  
  83  9:39  Probe x2  
  83  9:41  Zealot  
  81  9:48  Probe  
  81  9:52  Disruptor  
  81  9:57  Protoss Ground Weapons Level 1 (Chrono Boost)  
  81  10:00  Probe x2 (Chrono Boost)  
  81  10:01  Probe (Chrono Boost)  
  80  10:12  Probe (Chrono Boost)  
  80  10:13  Probe x2 (Chrono Boost)  
  83  10:15  Sentry x2  
  83  10:17  Zealot  
  83  10:18  Probe x3 (Chrono Boost)  
  92  10:27  Probe x2  
  92  10:28  Observer (Chrono Boost)  
  95  10:34  Stalker  
  95  10:35  Stalker x2  
  101  10:45  Disruptor (Chrono Boost)  
  101  10:49  Stalker x3  
  110  10:56  Zealot x2  
  114  11:10  Probe  
  115  11:13  Nexus  
  115  11:14  Sentry  
  115  11:15  Disruptor (Chrono Boost), Sentry x2, Pylon  
  115  11:16  Pylon  
  124  11:33  Shield Battery  
  124  11:35  Photon Cannon  
  124  11:36  Zealot x4  
  124  11:39  Sentry x2  
  136  11:45  Disruptor  
  136  12:06  Stalker x3  
  140  12:09  Pylon  
  140  12:10  Pylon  
  137  12:30  Stalker x7  
Show
View Real Time Build Order
Export as new Build Order

Lambo Zerg 

Build Orders: Hatch First 

Get SALT Encoding   

  12  0:00  Drone  
  13  0:12  Overlord  
  13  0:16  Drone  
  14  0:30  Drone x2  
  16  0:42  Drone  
  17  0:51  Hatchery  
  17  0:54  Drone  
  17  0:58  Drone  
  18  1:10  Extractor  
  17  1:13  Spawning Pool  
  17  1:18  Drone  
  17  1:21  Drone  
  18  1:28  Drone  
  19  1:39  Drone  
  20  1:52  Overlord  
  20  1:59  Queen  
  22  2:03  Drone, Queen, Zergling x2  
  26  2:10  Zergling x2  
  26  2:14  Metabolic Boost  
  27  2:15  Drone  
  27  2:21  Drone  
  29  2:25  Drone  
  30  2:35  Hatchery  
  29  2:37  Drone  
  29  2:42  Drone  
  31  2:45  Overlord  
  31  2:49  Drone  
  32  2:56  Queen  
  34  2:58  Drone  
  34  3:00  Drone  
  36  3:10  Overlord, Queen  
  38  3:13  Drone x2  
  38  3:15  Drone  
  38  3:17  Drone  
  42  3:22  Drone  
  42  3:23  Drone  
  42  3:25  Drone  
  42  3:26  Overlord  
  44  3:33  Queen  
  46  3:40  Overlord  
  46  3:41  Drone x2  
  47  3:43  Drone x2  
  50  3:48  Zergling x4  
  50  3:49  Zergling x2  
  50  3:53  Queen  
  55  3:58  Drone  
  55  4:01  Spore Crawler, Overlord  
  55  4:06  Drone x2  
  55  4:09  Overlord  
  56  4:13  Drone x3  
  56  4:16  Overlord  
  59  4:17  Drone  
  59  4:22  Roach Warren  
  59  4:27  Drone  
  59  4:28  Drone x3  
  63  4:35  Extractor  
  63  4:36  Drone x4  
  66  4:42  Drone x2, Lair  
  66  4:45  Overlord  
  68  4:47  Drone x2  
  68  4:52  Zergling x4  
  72  4:53  Spore Crawler  
  72  4:55  Queen  
  72  4:56  Drone  
  72  4:59  Drone x2  
  76  5:01  Spore Crawler  
  76  5:03  Extractor  
  76  5:04  Extractor  
  73  5:07  Drone  
  73  5:08  Drone x3  
  73  5:09  Drone  
  73  5:13  Overlord  
  78  5:14  Drone x3  
  78  5:18  Extractor  
  78  5:19  Extractor, Evolution Chamber, Drone  
  79  5:24  Overlord  
  78  5:30  Drone x6  
  78  5:33  Roach  
  78  5:34  Roach  
  88  5:37  Roach  
  90  5:43  Roach x5  
  90  5:49  Roach x2  
  104  5:50  Queen  
  106  6:00  Roach x4  
  112  6:05  Roach x2  
  112  6:08  Roach  
  112  6:09  Roach x2  
  111  6:16  Glial Reconstitution  
  111  6:17  Roach x3  
  108  6:25  Roach  
  107  6:31  Roach x2  
  107  6:39  Roach, Zergling x10  
  93  6:56  Roach x4  
  93  7:00  Roach  
  97  7:04  Roach, Queen x2  
  99  7:12  Roach  
  96  7:26  Hatchery  
  96  7:29  Roach  
  97  7:33  Roach  
  99  7:37  Zerg Missile Weapons Level 1  
  99  7:38  Ravager  
  99  7:40  Queen  
  106  7:44  Roach x2  
  106  7:46  Overlord  
  106  7:58  Roach  
  106  8:00  Overlord  
  106  8:02  Overlord x2  
  106  8:04  Overlord  
  106  8:06  Roach x2  
  106  8:11  Roach x2  
  114  8:16  Roach  
  114  8:18  Roach  
  114  8:19  Roach  
  120  8:22  Roach  
  120  8:23  Ravager  
  120  8:24  Ravager  
  124  8:27  Roach  
  124  8:28  Roach  
  128  8:35  Roach x2  
  128  8:39  Roach x2, Zergling x2  
  137  8:41  Ravager  
  137  8:46  Roach x2  
  142  8:50  Overlord  
  142  8:53  Roach  
  137  9:06  Roach  
  137  9:07  Roach x5  
  120  9:18  Roach x3  
  118  9:29  Roach  
  118  9:30  Roach x4  
  110  9:34  Roach  
  110  9:35  Roach  
  102  9:39  Roach  
  102  9:42  Queen  
  102  9:46  Roach x2  
  102  9:51  Roach  
  101  9:53  Ravager x2  
  101  9:54  Roach x2  
  101  9:59  Drone x3  
  101  10:03  Drone  
  101  10:05  Drone  
  103  10:08  Lair  
  103  10:09  Drone  
  103  10:11  Drone  
  105  10:15  Drone, Zerg Melee Weapons Level 1  
  105  10:19  Ravager  
  105  10:20  Drone  
  108  10:21  Queen  
  108  10:24  Drone  
  108  10:28  Baneling Nest  
  110  10:33  Drone x3  
  113  10:36  Queen  
  113  10:38  Drone  
  113  10:40  Drone  
  117  10:43  Drone  
  117  10:49  Drone  
  119  10:52  Drone  
  120  10:57  Drone x4, Queen  
  126  11:04  Ravager  
  126  11:05  Ravager  
  126  11:06  Hatchery  
  126  11:07  Roach  
  126  11:08  Roach  
  126  11:11  Roach x2  
  135  11:12  Queen  
  135  11:14  Overseer  
  135  11:15  Zergling x2  
  135  11:17  Ravager  
  139  11:19  Centrifugal Hooks  
  139  11:24  Zergling x10  
  125  11:27  Zergling x4  
  127  11:33  Infestation Pit  
  127  11:34  Drone x4  
  130  11:41  Zergling x4  
  130  11:44  Ravager x5  
  130  11:45  Zergling x2  
  138  11:47  Roach  
  138  11:53  Roach x4  
  147  11:59  Roach x3  
  142  12:03  Zergling x2  
  142  12:04  Zergling x4  
  142  12:06  Drone  
  143  12:13  Roach x2  
  147  12:20  Roach x2  
  150  12:27  Roach  
  150  12:28  Roach x2  
  149  12:33  Baneling x6  
Tags
 
Add a new tag
Caveats
  • Supply blocks, unpowered buildings, or Contaminate may cause inaccurate times.
  • Supply counts are checked every 10 seconds.